 Seeded DCSS version 0.30.1-4-g462c640d31 (webtiles) character file.

Game seed: 1488530604685760082 (custom seed)

110392 kingsuperguy the Executioner (level 16, -5/149 HPs)
             Began as a Hill Orc Monk on Sept 6, 2023.
             Was the Champion of Beogh.
             Killed from afar by a merfolk aquamancer (24 damage)
             ... with a torrent of water
             ... on level 1 of the Shoals on Sept 8, 2023.
             The game lasted 01:24:51 (27686 turns).

kingsuperguy the Executioner (Hill Orc Monk)       Turns: 27686, Time: 01:24:52

Health: -5/149     AC: 30    Str: 32    XL:     16   Next: 54%
Magic:  0/17       EV: 10    Int:  8    God:    Beogh [******]
Gold:   2118       SH:  7    Dex: 10    Spells: 15/15 levels left

rFire   + . .        t - +11 broad axe "Hill Orc's Regret" {spect, Str+3}
rCold   + . .        Q - +2 buckler
rNeg    . . .        Z - +4 plate armour {rF+}
rPois   .            (helmet restricted)
rElec   .            m - +0 cloak
rCorr   .            w - +2 pair of gloves of the Armadillo {Str+7 Int-2 Dex-3 Stlth+}
SInv    +            g - +0 pair of boots
Will    +....        H - amulet of guardian spirit
Stlth   x              - ring of protection from cold
HPRegen 0.44/turn    R - ring of see invisible
MPRegen 0.15/turn

%: guardian spirit
@: no status effects
A: walk on water, horns 2, wild magic 1, sturdy frame 1
a: Renounce Religion, Smiting, Recall Orcish Followers, Give Item to Named
Follower, Resurrection


You were on level 1 of the Shoals.
You worshipped Beogh.
Beogh was exalted by your worship.
You visited 5 branches of the dungeon, and saw 24 of its levels.
You also visited: Ossuary, Ice Cave and Volcano.

You collected 2118 gold pieces.

Inventory:

Hand Weapons
 r - the +9 great sword of Loyfuel {antimagic, rCorr}
   (You found it in an ice cave)

   rCorr:     It protects you from acid and corrosion.
 t - the +11 broad axe "Hill Orc's Regret" (weapon) {spect, Str+3}
   (You found it on level 3 of the Dungeon)

   Str:       It affects your strength (+3).
 u - a +5 long sword of protection
 C - a +3 trident of protection
 I - a +1 great mace of protection
 K - a +2 dire flail of holy wrath
 Y - a +4 heavy morningstar
Armour
 d - an orb of light
 g - a +0 pair of boots (worn)
 m - a +0 cloak (worn)
 w - the +2 pair of gloves of the Armadillo (worn) {Str+7 Int-2 Dex-3 Stlth+}
   (You found it on level 1 of the Spider Nest)

   Str:       It affects your strength (+7).
   Int:       It affects your intelligence (-2).
   Dex:       It affects your dexterity (-3).
   Stlth:     It makes you more stealthy.
 A - +0 fire dragon scales
 F - a +2 helmet
 M - +0 fire dragon scales
 Q - a +2 buckler (worn)
 S - the +2 cloak of the Enchanted Forest {+Blink rPois}
   (You found it on level 14 of the Dungeon)

   rPois:     It protects you from poison.
   +Blink:    It lets you blink.
 Z - a +4 plate armour of fire resistance (worn)
Jewellery
 a - a ring of poison resistance
 x - a ring of protection from cold (left hand)
 H - an amulet of guardian spirit (around neck)
 N - a +6 ring of intelligence
 R - a ring of see invisible (right hand)
Wands
 h - a wand of roots (14)
 q - a wand of polymorph (10)
 s - a wand of flame (63)
 G - a wand of mindburst (11)
 J - a wand of paralysis (42)
 P - a wand of acid (14)
Scrolls
 b - a scroll of acquirement
 e - 6 scrolls of teleportation
 f - 2 scrolls of brand weapon
 i - 5 scrolls of summoning
 k - 10 scrolls of fog
 n - 2 scrolls of enchant armour
 o - a scroll of blinking
 p - 5 scrolls of fear
 y - 3 scrolls of enchant weapon
 B - 6 scrolls of magic mapping
 V - 4 scrolls of silence
Potions
 c - 4 potions of ambrosia
 j - 4 potions of lignification {unknown}
 l - 14 potions of curing
 v - 8 potions of haste
 z - 2 potions of cancellation
 D - 6 potions of heal wounds
 E - 3 potions of resistance
 O - 2 potions of invisibility
 T - a potion of flight
 U - 5 potions of might
Miscellaneous
 L - a box of beasts (inert)
 W - a lightning rod (4/4)
 X - a phantom mirror (inert)


   Skills:
 + Level 15.4 Fighting
 + Level 21.1 Axes
 * Level 19.4 Armour
 + Level 3.8 Dodging
 + Level 5.6 Stealth
 + Level 8.2 Shields
 + Level 1.4 Invocations
 + Level 0.3 Evocations


You had 15 spell levels left.
You didn't know any spells.
Your spell library contained the following spells:

 Spells                   Type           Power      Damage    Failure   Level
 Apportation              Tloc           0%         N/A       86%         1
 Kiss of Death            Conj/Necr      0%         2d5       86%         1
 Necrotise                Necr           0%         1d4       86%         1
 Sandblast                Erth           0%         2d4       86%         1
 Shock                    Conj/Air       0%         1d3       86%         1
 Summon Small Mammal      Summ           0%         N/A       86%         1
 Cigotuvi's Dreadful Rot  Necr/Pois/Air  0%         N/A       95%         2
 Passwall                 Tmut/Erth      0%         N/A       95%         2
 Searing Ray              Conj           0%         2d4       95%         2
 Static Discharge         Conj/Air       0%         2-2/arc   95%         2
 Hailstorm                Conj/Ice       0%         3d3       99%         3
 Ignite Poison            Fire/Tmut/Pois 0%         N/A       99%         3
 Stone Arrow              Conj/Erth      0%         3d7       99%         3
 Summon Guardian Golem    Hex/Summ       0%         N/A       99%         3
 Swiftness                Air            0%         N/A       99%         3
 Vhi's Electric Charge    Tloc/Air       0%         N/A       99%         3
 Airstrike                Air            0%         2d(0-16)  100%        4
 Dispel Undead            Necr           0%         3d6       100%        4
 Ice Form                 Ice/Tmut       0%         N/A       100%        4
 Sticky Flame             Conj/Fire      0%         2d3       100%        4
 Summon Ice Beast         Ice/Summ       0%         N/A       100%        4
 Summon Lightning Spire   Summ/Air       0%         N/A       100%        4
 Arcjolt                  Conj/Air       0%         1d10      100%        5
 Summon Mana Viper        Hex/Summ       0%         N/A       100%        5
 Death Channel            Necr           0%         N/A       100%        6
 Plasma Beam              Fire/Air       0%         2x1d11    100%        6
 Simulacrum               Ice/Necr       0%         N/A       100%        6
 Monstrous Menagerie      Summ           0%         N/A       100%        7
 Orb of Destruction       Conj           0%         9d5       100%        7
 Spellforged Servitor     Conj/Summ      0%         N/A       100%        7
 Ignition                 Fire           0%         3d3       100%        8


Dungeon Overview and Level Annotations

Branches:
Dungeon (15/15)            Temple (0/1) D:5            Lair (5/5) D:9
 Shoals (1/4) Lair:3       Spider (2/4) Lair:3          Orc (0/2) D:10
 Vaults (0/5) D:14         Depths (1/4) D:15        Ossuary (visited)
  IceCv (visited)         Volcano (visited)
  Slime: Lair:4-5

Altars:
Elyvilon
Gozag
Ru
Sif Muna
Trog
Uskayaw
The Shining One

Shops:
D:1 (

Portals:
Hell: Depths:1
Pandemonium: Depths:1

Annotations:
D:13 3 runed translucent doors
Lair:5 Sonja


Innate Abilities, Weirdness & Mutations

You can walk on water.
You have a pair of horns on your head.
Your spells are a little harder to cast, but a little more powerful.
Your movements are slightly less encumbered by armour. (ER -2)


Message History

You carve the merfolk siren like a ham!!!
You break out of your daze!
You kill the merfolk siren!
Beogh accepts your kill.
You hear a splash.
You slice the merfolk aquamancer!! You slice the water elemental!!
Your +11 broad axe "Hill Orc's Regret" {spect, Str+3} hits the water elemental!
Your +11 broad axe "Hill Orc's Regret" {spect, Str+3} hits the merfolk aquamancer!!
Your lungs strain for air!
The water elemental barely misses you. The merfolk barely misses you.
You hit the merfolk aquamancer. You headbutt the merfolk aquamancer.
The merfolk aquamancer is almost dead.
You slash the water elemental!
You destroy the water elemental!
Beogh accepts your kill. The water engulfing you falls away.
You gasp with relief as air once again reaches your lungs.
Your +11 broad axe "Hill Orc's Regret" {spect, Str+3} hits the merfolk aquamancer.
The merfolk aquamancer hits you with a +3 rapier of protection.
The merfolk aquamancer casts a spell at you.
The ball of steam hits you! You resist. The merfolk barely misses you.
The merfolk aquamancer attacks as you move away!
The merfolk aquamancer hits you but does no damage.
Your +11 broad axe "Hill Orc's Regret" {spect, Str+3} disappears.
The merfolk aquamancer points at you and mumbles some strange words.
The torrent of water hits you!!!
* * * LOW HITPOINT WARNING * * *
You are knocked back by the torrent of water.
The wave splashes down.
A water elemental comes into view.
You hear a shout! x2
A water elemental comes into view. x2
The merfolk aquamancer drinks a potion.
The merfolk aquamancer's spells are empowered!
The merfolk aquamancer casts a spell.
The merfolk aquamancer blinks!
The water elemental moves out of view.
The merfolk is engulfed in a cloud of scalding steam. x2
The merfolk aquamancer points at you and mumbles some strange words.
The torrent of water hits you!!
You die...

#≈≈≈≈≈≈≈P~PP~~~..~~~~~~~
#≈≈≈≈≈≈~~P~~~~....~~~~P~
#≈≈≈≈≈≈~~~~~~~..##.~~~~~
#≈≈≈≈≈≈~~~~~~~.###.~~~~.
#≈≈≈≈≈≈~E~EE~~.... .~~
#≈≈≈≈≈≈~~§~§§~~...
#≈≈≈≈≈≈~~m~~~~...#
#≈≈≈≈≈≈≈≈§§§~~....
#≈≈≈≈≈≈@~m~§~~....
#≈≈≈≈≈~~~m§~~~....
#≈≈≈≈≈~~~~§)~~~..~
#≈≈≈≈~~~~~§)~.~~~~
#≈≈≈≈~~~~~~~...~~~
#≈≈≈≈~~~~~.....~~~
#≈≈≈≈~~~m...##...~
#≈≈≈≈~~~~~...##...
#≈≈≈≈≈~~~~~... .~~


You could see 2 merfolk aquamancers, 2 merfolk and 3 water elementals.

Vanquished Creatures
  Rupert (D:15)
  A kraken (Shoals:1)
  Kirke (D:13)
  An emperor scorpion (Spider:2)
  2 ghost moths (Spider:2)
  2 broodmothers (Spider:2)
  2 very ugly things (IceCv)
  Azrael (D:13)
  A spark wasp (Spider:2)
  A merfolk javelineer (Shoals:1)
  A yaktaur captain (D:13)
  2 fire dragons (D:15)
  An entropy weaver (Spider:2)
  A rakshasa (Depths:1)
  4 hydras (D:13)
  A jorogumo (Spider:2)
  A caustic shrike simulacrum (IceCv)
  4 centaur warriors
  A radroach (Spider:1)
  4 two-headed ogres
  3 boulder beetles (D:13)
  11 death yaks
  3 spriggan berserkers (Depths:1)
  A tengu warrior (D:15)
  An iron troll (Depths:1)
  A skyshark (Lair:3)
  A fire crab (Lair:4)
  2 spriggans (Depths:1)
  6 pharaoh ants
  A sun moth (Spider:1)
  An orb spider (Spider:1)
  2 orange crystal statues (IceCv)
  A sea snake (Shoals:1)
  A deep elf archer (D:14)
  A phantasmal warrior (D:13)
  2 deep elf pyromancers
  A deep elf zephyrmancer (D:14)
  2 steelbarb worms (Spider:1)
  5 wolf spiders
  A necromancer (Depths:1)
  4 cyclopes
  Pikel (D:4)
  18 ugly things
  2 manticores
  2 salamanders (Volcano)
  Maurice (D:10)
  A black mamba (Lair:3)
  8 demonic crawlers
  A gargoyle (D:12)
  2 torpor snails
  A merfolk siren (Shoals:1)
  3 centaur skeletons (D:14)
  8 cane toads
  An efreet (D:14)
  A rime drake (Lair:4)
  4 komodo dragons
  3 golden dragon simulacra (IceCv)
  An anaconda simulacrum (IceCv)
  6 freezing wraiths
  A yaktaur (D:15)
  A meliai (D:13)
  4 trolls
  3 merfolk (Lair:3)
  2 hornets (Depths:1)
  11 tarantellas
  12 blink frogs
  Sigmund (D:6)
  11 slime creatures
  7 culicivoras
  4 wraiths
  A water elemental (Shoals:1)
  A centaur simulacrum (D:14)
  3 fire bats (Volcano)
  4 basilisks
  5 jumping spiders
  2 dire elephant simulacra (IceCv)
  Eustachio (D:5)
  4 wyverns
  2 hogs (D:13)
  21 yaks
  Edmund (D:6)
  3 fire elementals (D:13)
  13 redbacks
  4 vampire mosquitoes
  A warg (D:15)
  Menkaure (D:6)
  A harpy simulacrum (IceCv)
  An acid dragon (D:11)
  A swamp worm (D:14)
  13 water moccasins
  A hydra simulacrum (IceCv)
  6 hell hounds
  2 black bears
  8 orc warriors
  An alligator simulacrum (IceCv)
  A sky beast (D:7)
  3 ice beasts
  3 ettin simulacra (IceCv)
  A wolf (shapeshifter) (D:13)
  5 boggarts (D:10)
  14 wolves
  An ogre (D:5)
  14 centaurs
  2 lemures (D:4)
  A phantom (D:7)
  5 kobold brigands
  8 bullfrogs
  Blork the orc (D:5)
  2 gnoll sergeants
  2 wyvern zombies (Ossuary)
  5 scorpions
  2 water moccasin zombies (Ossuary)
  4 wights (D:8)
  3 killer bees (D:9)
  3 lindwurm simulacra (IceCv)
  7 electric eels
  6 howler monkeys
  5 centaur zombies (Ossuary)
  2 jellies (Lair:4)
  5 bullfrog zombies (Ossuary)
  2 gnoll boudas
  3 hounds
  4 orc priests
  2 iguanas
  7 orc wizards
  A hell rat (Lair:1)
  21 mummies (Ossuary)
  26 gnolls
  10 adders
  A river rat (Lair:3)
  A white imp (D:6)
  An ufetubus (D:7)
  2 worms
  A dart slug (D:2)
  16 orcs
  11 endoplasms
  3 giant cockroaches
  3 goblins
  11 hobgoblins
  14 kobolds
  2 quokkas
  8 ball pythons
  6 bats
  2 frilled lizards (D:3)
  5 rats
  4 tentacles (Shoals:1)
578 creatures vanquished.

Vanquished Creatures (collateral kills)
  An azure jelly (Lair:4)
  A fire giant (D:13)
  A stone giant (D:13)
  An entropy weaver (Spider:2)
  An ogre mage (D:14)
  2 centaur warriors
  2 boulder beetles
  A death yak (Lair:1)
  A two-headed ogre (D:14)
  A tengu warrior (D:15)
  A skeletal warrior (D:14)
  An orb spider (Spider:2)
  2 deep elf zephyrmancers (D:14)
  3 necromancers (Depths:1)
  A deep elf pyromancer (D:12)
  2 manticores (D:13)
  An ugly thing (D:15)
  3 wolf spiders (Spider:2)
  A black mamba (Lair:1)
  A merfolk siren (Lair:3)
  A cane toad (Lair:3)
  A demonic crawler (Spider:2)
  A centaur skeleton (D:14)
  Psyche (D:10)
  A gargoyle (D:14)
  A rime drake (Lair:2)
  2 kobold demonologists
  2 trolls
  4 tarantellas
  6 blink frogs (Lair:4)
  A slime creature (Lair:4)
  6 jumping spiders
  7 yaks
  4 culicivoras
  A vampire (D:10)
  A basilisk (D:13)
  Grum (Lair:1)
  A redback (Spider:2)
  2 acid dragons
  A swamp worm (D:14)
  A water moccasin (Lair:1)
  An ice beast (D:6)
  A black bear (D:6)
  2 centaurs
  4 wolves
  A kobold brigand (D:9)
  3 scorpions (Lair:3)
  2 bullfrogs (Lair:3)
  2 killer bees (D:9)
  2 howler monkeys
  2 gnoll boudas
  4 orc priests
  3 jellies (Lair:4)
  2 iguanas
  3 hell rats (Lair:1)
  7 gnolls
  An adder (D:5)
  A worm (Lair:3)
  7 orcs
  4 kobolds
126 creatures vanquished.

Vanquished Creatures (others)
  An orc warlord (D:14)
  An orc high priest (D:14)
  3 orc sorcerers
  4 orc knights
  2 humans (D:13)
  3 swamp worms (D:14)
  7 orc warriors
  9 orc priests
  9 orc wizards
  16 orcs
  20 spectral weapons
  6 tentacles (Shoals:1)
81 creatures vanquished.

Grand Total: 785 creatures vanquished

Notes
Turn   | Place    | Note
-------+----------+-------------------------------------------
     0 | D:1      | kingsuperguy the Hill Orc Monk began the quest for the Orb.
     0 | D:1      | Reached XP level 1. HP: 19/19 MP: 1/1
   158 | D:1      | Reached XP level 2. HP: 27/27 MP: 2/2
   476 | D:1      | Found Dyac's Weapon Shop.
   680 | D:1      | Found a faded altar of an unknown god.
   827 | D:2      | Reached XP level 3. HP: 31/33 MP: 3/3
   962 | D:2      | Reached skill level 5 in Axes
   964 | D:2      | Reached XP level 4. HP: 21/40 MP: 4/4
  1408 | D:3      | Found an opulent altar of Gozag.
  1661 | D:3      | Identified the +11 broad axe "Hill Orc's Regret" {spect,
                  | Str+3}
  1679 | D:3      | Became a worshipper of Beogh the Brigand
  1679 | D:3      | Reached * piety under Beogh
  1679 | D:3      | Reached ** piety under Beogh
  1741 | D:3      | Found a large runed translucent door.
  1748 | D:3      | Found a large runed translucent door.
  2260 | D:3      | Found a bloodstained altar of Trog.
  2272 | D:3      | Found a hide-covered altar of Uskayaw.
  2378 | D:4      | Noticed a lemure
  2378 | D:4      | Noticed a lemure
  2378 | D:4      | Noticed a lemure
  2378 | D:4      | Noticed a lemure
  2379 | D:4      | Noticed Pikel
  2393 | D:4      | Found a sand-covered staircase.
  2397 | Ossuary  | Entered an ossuary
  2421 | Ossuary  | Reached skill level 6 in Axes
  2421 | Ossuary  | Reached XP level 5. HP: 30/47 MP: 5/5
  2423 | Ossuary  | Reached skill level 1 in Armour
  2430 | Ossuary  | Reached XP level 6. HP: 37/53 MP: 6/6
  2438 | Ossuary  | Reached skill level 7 in Axes
  2458 | Ossuary  | Reached skill level 5 in Fighting
  2458 | Ossuary  | Reached skill level 1 in Stealth
  2482 | Ossuary  | Reached XP level 7. HP: 26/61 MP: 7/7
  2494 | Ossuary  | Reached skill level 8 in Axes
  2688 | Ossuary  | Reached skill level 9 in Axes
  2780 | Ossuary  | Reached *** piety under Beogh
  2781 | Ossuary  | Reached XP level 8. HP: 70/70 MP: 8/8
  2913 | D:4      | Killed Pikel
  2914 | D:4      | Reached skill level 10 in Axes
  3267 | D:5      | Entered Level 5 of the Dungeon
  3279 | D:5      | Found a staircase to the Ecumenical Temple.
  3359 | D:5      | Noticed Eustachio
  3368 | D:5      | Killed Eustachio
  3369 | D:5      | Reached skill level 11 in Axes
  3509 | D:5      | Reached skill level 5 in Armour
  3509 | D:5      | Reached XP level 9. HP: 64/79 MP: 9/9
  3616 | D:5      | Found a bloodstained altar of Trog.
  3834 | D:5      | Reached **** piety under Beogh
  4083 | D:5      | Noticed Blork the orc
  4087 | D:5      | Killed Blork the orc
  4088 | D:5      | Reached skill level 12 in Axes
  4102 | D:5      | Noticed a troll
  4108 | D:5      | Killed a troll
  4760 | D:6      | Noticed Sigmund
  4763 | D:6      | Killed Sigmund
  5243 | D:6      | Reached skill level 13 in Axes
  5285 | D:6      | Noticed Edmund
  5291 | D:6      | Killed Edmund
  5292 | D:6      | Reached XP level 10. HP: 88/88 MP: 10/10
  5333 | D:6      | Got Fear's Lectures on Overhead Outbursts
  5544 | D:6      | Noticed Menkaure
  5546 | D:6      | Killed Menkaure
  6770 | D:8      | Gained Warrok as an ally
  6959 | D:8      | Found a sacrificial altar of Ru.
  7044 | D:8      | Reached ***** piety under Beogh
  7970 | D:9      | Reached skill level 14 in Axes
  7994 | D:9      | Found a white marble altar of Elyvilon.
  8096 | D:9      | Reached skill level 1 in Shields
  8107 | D:9      | Found a staircase to the Lair.
  8120 | Lair:1   | Entered Level 1 of the Lair of Beasts
  8123 | Lair:1   | Noticed a black mamba
  8126 | Lair:1   | Killed a black mamba
  8137 | Lair:1   | Noticed a death yak
  8139 | Lair:1   | Noticed a death yak
  8140 | Lair:1   | Noticed a death yak
  8141 | Lair:1   | Noticed a death yak
  8142 | Lair:1   | Noticed a death yak
  8142 | Lair:1   | Noticed a death yak
  8144 | Lair:1   | Killed a death yak
  8147 | Lair:1   | Killed a death yak
  8148 | Lair:1   | Reached XP level 11. HP: 61/95 MP: 11/11
  8149 | Lair:1   | Killed a death yak
  8150 | Lair:1   | Reached skill level 10 in Armour
  8154 | Lair:1   | Killed a death yak
  8155 | Lair:1   | Reached skill level 15 in Axes
  8155 | Lair:1   | Killed a death yak
  8157 | Lair:1   | Killed a death yak
  8297 | Lair:1   | Noticed Grum
  8301 | Lair:1   | Gained Boderik as an ally
  8306 | Lair:1   | Your ally Boderik died
  8307 | Lair:1   | Killed Grum
  8401 | Lair:1   | Found a dark tunnel.
  8406 | Volcano  | Entered a volcano
  8687 | Volcano  | Noticed a two-headed ogre
  8687 | Volcano  | Noticed a salamander
  8687 | Volcano  | Noticed a salamander
  8833 | Volcano  | Killed a two-headed ogre
  8833 | Volcano  | Gained Berold as an ally
  8849 | Volcano  | Killed a salamander
  8850 | Volcano  | Reached skill level 16 in Axes
  8950 | Volcano  | Your ally Berold died
  8995 | Volcano  | Killed a salamander
  9468 | Lair:1   | Reached XP level 12. HP: 105/105 MP: 12/12
 10683 | Lair:3   | You fall into a shaft and drop 1 floor!
 10723 | Lair:4   | Reached ****** piety under Beogh
 10820 | Lair:4   | Reached skill level 10 in Fighting
 11269 | Lair:4   | Reached skill level 17 in Axes
 11326 | Lair:4   | Noticed a death yak
 11326 | Lair:4   | Noticed a death yak
 11326 | Lair:4   | Noticed a death yak
 11327 | Lair:4   | Noticed a death yak
 11327 | Lair:4   | Noticed a death yak
 11328 | Lair:4   | Noticed a death yak
 11334 | Lair:4   | Killed a death yak
 11343 | Lair:4   | Killed a death yak
 11349 | Lair:4   | Killed a death yak
 11365 | Lair:4   | Killed a death yak
 11374 | Lair:4   | Killed a death yak
 11376 | Lair:4   | Killed a death yak
 11691 | Lair:4   | Noticed an azure jelly
 11696 | Lair:4   | Killed an azure jelly
 11697 | Lair:4   | Reached skill level 18 in Axes
 11697 | Lair:4   | Reached XP level 13. HP: 17/115 MP: 13/13
 11739 | Lair:4   | Reached skill level 5 in Shields
 12856 | Lair:5   | Entered Level 5 of the Lair of Beasts
 12861 | Lair:5   | Noticed Sonja
 13216 | Lair:3   | Gained Bogmar as an ally
 13273 | Lair:3   | Found a staircase to the Shoals.
 13381 | Lair:3   | Found a hole to the Spider Nest.
 14070 | Spider:1 | Entered Level 1 of the Spider Nest
 14073 | Spider:1 | Gained Berold as an ally
 14228 | Spider:1 | Identified the +2 pair of gloves of the Armadillo {Str+7
                  | Int-2 Dex-3 Stlth+}
 15114 | Spider:1 | Reached skill level 15 in Armour
 15399 | Spider:1 | Reached skill level 19 in Axes
 15463 | Spider:1 | Reached XP level 14. HP: 99/125 MP: 14/14
 16286 | Spider:2 | Noticed an emperor scorpion
 16291 | Spider:2 | Your ally Bogmar died
 16296 | Spider:2 | Killed an emperor scorpion
 16632 | Spider:2 | Gained Marbaugh as an ally
 16861 | Spider:2 | Identified the +5 chain mail of Knowledge {-Cast Dex+2
                  | Stlth+}
 17021 | Spider:2 | Noticed a broodmother
 17034 | Spider:2 | Killed a broodmother
 17217 | Spider:2 | Noticed a ghost moth
 17217 | Spider:2 | Noticed a ghost moth
 17222 | Spider:2 | Killed a ghost moth
 17224 | Spider:2 | Killed a ghost moth
 17617 | Spider:2 | Noticed a broodmother
 17633 | Spider:2 | Killed a broodmother
 17890 | Spider:2 | Reached skill level 5 in Stealth
 18549 | D:10     | Entered Level 10 of the Dungeon
 18618 | D:10     | Noticed Maurice
 18627 | D:10     | Killed Maurice
 18630 | D:10     | Noticed Psyche
 18635 | D:10     | Killed Psyche
 18672 | D:10     | Identified the orb of Haez {guile, Rampage rCorr Int+2
                  | Dex-3}
 18769 | D:10     | Found a glowing golden altar of the Shining One.
 18869 | D:10     | Found a staircase to the Orcish Mines.
 20037 | D:12     | Gained Bogdar as an ally
 20147 | D:12     | Found a shimmering blue altar of Sif Muna.
 20321 | D:13     | Noticed Kirke
 20326 | D:13     | Reached XP level 15. HP: 135/136 MP: 15/15
 20327 | D:13     | Killed Kirke
 20358 | D:13     | Gained Brunolf as an ally
 20444 | D:13     | Noticed Azrael
 20454 | D:13     | Killed Azrael
 20580 | D:13     | Identified a scroll of acquirement
 20847 | D:13     | Reached skill level 20 in Axes
 21016 | D:13     | Found a runed translucent gate.
 21016 | D:13     | Found a runed translucent gate.
 21016 | D:13     | Found a runed translucent gate.
 21237 | D:13     | Found a runed translucent gate.
 21237 | D:13     | Found a runed translucent gate.
 21237 | D:13     | Found a runed translucent gate.
 21246 | D:13     | Noticed a fire giant
 21395 | D:13     | Killed a fire giant
 22617 | D:14     | Identified the +1 robe of Gestures {*Slow Dex+5}
 22888 | D:14     | Your ally Bogdar died
 23242 | D:14     | Found a transporter.
 23276 | D:14     | Found a transporter.
 23485 | D:14     | Your ally Brunolf died
 23491 | D:14     | Gained mutation: You are clumsy. (Dex -2) [mutagenic glow]
 23502 | D:14     | Gained mutation: You occasionally lose the ability to drink
                  | potions when taking damage. [mutagenic glow]
 23849 | D:14     | Your ally Warrok died
 23850 | D:14     | Your ally Bogdar died
 23853 | D:14     | Your ally Berold died
 24101 | D:14     | Lost mutation: You occasionally lose the ability to drink
                  | potions when taking damage. [potion of mutation]
 24101 | D:14     | Lost mutation: You are clumsy. (Dex -2) [potion of
                  | mutation]
 24101 | D:14     | Gained mutation: You have a pair of small horns on your
                  | head. [potion of mutation]
 24101 | D:14     | Gained mutation: Your spells are a little harder to cast,
                  | but a little more powerful. [potion of mutation]
 24101 | D:14     | Gained mutation: Your movements are slightly less
                  | encumbered by armour. (ER -2) [potion of mutation]
 24101 | D:14     | Gained mutation: You have a pair of horns on your head.
                  | [potion of mutation]
 24171 | D:14     | Identified the +2 cloak of the Enchanted Forest {+Blink
                  | rPois}
 24315 | D:14     | Found a gate to the Vaults.
 24358 | D:15     | Entered Level 15 of the Dungeon
 24475 | D:15     | Reached XP level 16. HP: 110/147 MP: 16/16
 24478 | D:15     | Found a staircase to the Depths.
 24805 | D:15     | Found a frozen archway.
 24825 | IceCv    | Entered an ice cave
 24849 | IceCv    | Reached skill level 1 in Invocations
 25661 | IceCv    | Reached skill level 15 in Fighting
 25673 | IceCv    | Reached skill level 21 in Axes
 25680 | IceCv    | Identified the +9 great sword of Loyfuel {antimagic, rCorr}
 25816 | D:15     | Identified the +7 dagger of Fimbulwinter {holy, MP+9 Str+2
                  | Int-4}
 26038 | D:15     | Noticed Rupert
 26045 | D:15     | Killed Rupert
 26310 | Depths:1 | Entered Level 1 of the Depths
 26338 | Depths:1 | Your ally Marbaugh died
 26843 | Depths:1 | Found a gateway to Hell.
 26908 | Depths:1 | Found a one-way gate leading to the halls of Pandemonium.
 27467 | Shoals:1 | Entered Level 1 of the Shoals
 27532 | Shoals:1 | Noticed a kraken
 27560 | Shoals:1 | Killed a kraken
 27686 | Shoals:1 | Killed from afar by a merfolk aquamancer

Illustrated notes

Levels and vault maps discovered:
D:1:      nzn_arrival_settlement, layout_loops_ring, serial_shops, shop,
          hellmonk_ecumenical_altar_arch_garden, minmay_tetromino_t4
D:2:      layout_basic
D:3:      layout_loops_corners, old_standard_altar, jmf_multi_god_temple2,
          st_stairs_9
D:4:      layout_basic, serial_shops, nicolae_square_shop, enter_ossuary_5,
          skrybe_limestone_x, uniq_pikel
D:5:      layout_cave_pods, temple_fountains, portal_sewer_entry_d,
          serial_glass, glass_columns_c, glass_columns_b, minmay_ruined_shrine,
          uniq_eustachio, uniq_blork_the_orc
D:6:      layout_basic, uniq_sigmund, uniq_menkaure, uniq_edmund
D:7:      layout_basic
D:8:      layout_layer_cave, nicolae_ru_sacrificial_ziggurat,
          nicolae_grassy_gnolls
D:9:      layout_rooms, elyvilon_altar_3, dpeg_oklobed_lair,
          hangedman_decor_diamond_cutter
D:10:     layout_rooms, tso_metal_star, orc_0_dummy, serial_rivers,
          chequers_serial_rivers_micro_c, chequers_serial_rivers_micro_b,
          chequers_serial_rivers_micro_d, chequers_serial_rivers_micro_b,
          chequers_serial_rivers_micro_d, chequers_big_river,
          minmay_mirror_moons_of_madness, uniq_maurice, uniq_psyche
D:11:     layout_rooms, fungi_pond_lemuel
D:12:     layout_gridville, kennysheep_orc_sif_temple
D:13:     kennysheep_treasure_stockpile, layout_long_grid, uniq_azrael,
          uniq_kirke
D:14:     gammafunk_worm_tunnel, layout_rooms,
          hangedman_vaults_entry_quadrant_bands
D:15:     grunt_enter_depths_hoard, layout_basic,
          portal_ice_cave_entry_ugly_swarm, hellmonk_bongcloud_opening,
          uniq_rupert
Lair:1:   layout_regular_city, enter_volcano_4, uniq_grum
Lair:2:   layout_cave_pods
Lair:3:   layout_concentric_octagons, elwin_shoals_entry_stream,
          nicolae_spider_entry_non_spiders, pond
Lair:4:   layout_regular_city, nicolae_lair_time_for_slime
Lair:5:   minmay_lair_end_frog_pond, layout_regular_city,
          minmay_slime_entry_pillars, uniq_sonja
Shoals:1: layout_shoals, serial_shops, shop_fountains,
          hangedman_shoals_cup_caves
Spider:1: layout_chambers, hangedman_spider_tarantella_strand
Spider:2: nicolae_spider_hilbert_zone_1 [nicolae_spider_hilbert_4_sides_1_open,
          nicolae_spider_hilbert_4_sides_1_open,
          nicolae_spider_hilbert_4_sides_1_open,
          nicolae_spider_hilbert_4_sides_1_open,
          nicolae_spider_hilbert_3_sides_1_open,
          nicolae_spider_hilbert_3_sides_1_open,
          nicolae_spider_hilbert_3_sides_1_open,
          nicolae_spider_hilbert_3_sides_1_open,
          nicolae_spider_hilbert_3_sides_1_open,
          nicolae_spider_hilbert_6_sides_1_open,
          nicolae_spider_hilbert_6_sides_1_open,
          nicolae_spider_hilbert_3_sides_1_open,
          nicolae_spider_hilbert_3_sides_1_open,
          nicolae_spider_hilbert_3_sides_1_open,
          nicolae_spider_hilbert_3_sides_1_open,
          nicolae_spider_hilbert_2_sides_1_open]
Depths:1: layout_roguey, enter_ziggurat_e, grunt_hell_entry_dis_old,
          grunt_decor_arrowhead, pan_entry, hellmonk_guarded_unrand_starlight

Skill      XL: |  1  2  3  4  5  6  7  8  9 10 11 12 13 14 15 16 |
---------------+-------------------------------------------------+-----
Fighting       | 4 5 7 8 9 10 11 13 14 15 | 15.4
Axes           | 5 6 7 9 11 13 14 16 18 19 20 21 | 21.1
Dodging        | 3 |  3.8
Armour         | 1 2 3 5 7 9 11 13 15 17 18 19 | 19.4
Stealth        | 1 2 3 4 5 |  5.6
Shields        | 1 3 4 5 6 7 8 |  8.2
Invocations    | 1 |  1.4
Evocations     | |  0.3

Action                     |  1- 3 |  4- 6 |  7- 9 | 10-12 | 13-15 | 16-18 || total
---------------------------+-------+-------+-------+-------+-------+-------++-------
  Melee: Hand axe          |    67 |    31 |       |       |       |       ||    98
         Broad axe         |       |    37 |    94 |   234 |   472 |   143 ||   980
         Headbutt          |       |       |       |       |     7 |    33 ||    40
 Invoke: Convert to Beogh  |       |     1 |       |       |       |       ||     1
         Give Item to Name |       |       |       |     1 |     3 |       ||     4
         Recall Orcish Fol |       |       |       |     2 |     3 |     1 ||     6
         Resurrection      |       |       |       |       |     2 |       ||     2
  Evoke: Phantom mirror    |       |       |       |       |     2 |     1 ||     3
         Wand              |       |       |       |       |     1 |     4 ||     5
         Box of beasts     |       |       |       |       |       |     1 ||     1
    Use: Scroll            |       |       |       |     8 |    20 |     2 ||    30
         Potion            |       |       |       |       |     8 |     2 ||    10
   Stab: Distracted        |       |       |     2 |     4 |     8 |     5 ||    19
         Sleeping          |       |       |       |     1 |       |       ||     1
         Paralysed         |       |       |       |       |     3 |       ||     3
 Armour: Robe              |    24 |    10 |       |       |       |       ||    34
         Plate armour      |       |    12 |    55 |   101 |   328 |    76 ||   572
         Chain mail        |       |       |       |     8 |       |       ||     8
  Dodge: Dodged            |    43 |    30 |    19 |    59 |   135 |    51 ||   337
  Block: Buckler           |       |       |       |    63 |   118 |    48 ||   229
